 Dungeon Crawl Stone Soup version 0.26-a0-812-g31a745ddcd (webtiles) character file.

Game seed: 9434031627648230294

90 graki42 the Conjurer (level 4, 23/24 HPs)
             Began as a Deep Elf Conjurer on Nov 20, 2020.
             Quit the game on level 2 of the Dungeon.
             The game lasted 00:04:34 (2449 turns).

graki42 the Conjurer (Deep Elf Conjurer)            Turns: 2449, Time: 00:04:34

Health: 23/24      AC:  2    Str:  5    XL:     4   Next: 32%
Magic:  12/12      EV: 13    Int: 23    God:
Gold:   111        SH:  0    Dex: 13    Spells: 6/12 levels left

rFire    . . .     SeeInvis .   (no weapon)
rCold    . . .     Faith    .   (no shield)
rNeg     . . .     Spirit   .   a - +0 robe
rPois    .         Reflect  .   (no helmet)
rElec    .         Harm     .   (no cloak)
rCorr    .         Rampage  .   (no gloves)
MR       .....                  (no boots)
Stlth    ++........             (no amulet)
HPRegen  0.08/turn              (no ring)
MPRegen  0.13/turn              (no ring)

@: no status effects
A: no striking features
a: no special abilities


You were on level 2 of the Dungeon.
You visited 1 branch of the dungeon, and saw 3 of its levels.

You collected 111 gold pieces.

Inventory:

Armour
 a - a +0 robe (worn)
Scrolls
 b - 4 scrolls of identify {unknown}
 c - 2 scrolls of magic mapping {unknown}
 d - a scroll of amnesia {unknown}
 f - a scroll of noise {unknown}
 g - 2 scrolls of teleportation {unknown}
Potions
 e - a potion of curing {unknown}


   Skills:
 - Level 3.0 Dodging
 - Level 3.0 Stealth
 + Level 4.5 Spellcasting
 + Level 5.2 Conjurations


You had 6 spell levels left.
You knew the following spells:

 Your Spells              Type           Power        Failure   Level
a - Magic Dart            Conj           ####         1%          1
b - Searing Ray           Conj           ####..       1%          2
c - Dazzling Flash        Conj/Hex       ###...       10%         3

Your spell library contained the following spells:

 Spells                   Type           Power        Failure   Level
 Fulminant Prism          Conj/Hex       ###.......   32%         4
 Iskenderun's Mystic Bla  Conj/Tloc      ###.....     32%         4


Dungeon Overview and Level Annotations

Branches:
Dungeon (3/15)

Altars:
Nemelex Xobeh

Annotations:
D:3 Sigmund


Message History

Press: ? - help, Shift-Dir - straight line, f - rat
Aim: a rat The magic dart hits the rat.
You kill the rat!
You start resting.
Sigmund is nearby!
Casting: Magic Dart (safe; 1% risk of failure)
Confirm with . or Enter, or press ? or * to list all spells.
You don't know that spell.
Okay, then.
There is a stone staircase leading up here.
You climb upwards.
There is a stone staircase leading down here.
This spell is quite dangerous to cast!
Memorise Dazzling Flash, consuming 3 spell levels and leaving 6?
You start memorising the spell.
You continue memorising. x2
Magic restored.
You continue memorising.
You finish memorising.
Spell assigned to 'c'.
Are you sure you want to abandon this character and quit the game? (Confirm with "yes".)

#.#####........## #.#
#.....#.#####...#######.#
#####.#.#............##.##
#.#.#.###...####.##..#
#.#..<..##.#####.##..#
#.#.#.#(##†..........#
#..........#####[###.#
###.#.#.##.# #.# #.#
#.....##@# #.# #.#
###########.####.#####.#
#.#
#......................#
#.#
#.########..####.#######
#.# #.# #..# #.# #.# ###
#..# #.# #.# ⌠# #..####.#
#######.#
⌠#########..#....#
#.......#
⌠#..........#.####
#.#######


There were no monsters in sight!

Vanquished Creatures
  2 adders (D:2)
  An ooze (D:1)
  4 dart slugs (D:1)
  2 leopard geckos
  An orc (D:3)
  7 bats
  4 giant cockroaches
  5 goblins
  4 hobgoblins
  3 jackals (D:2)
  4 kobolds
  2 quokkas (D:2)
  4 ball pythons
  5 frilled lizards
  10 rats
58 creatures vanquished.

Vanquished Creatures (others)
  4 plants (D:1)
4 creatures vanquished.

Grand Total: 62 creatures vanquished

Notes
Turn   | Place    | Note
-------+----------+-------------------------------------------
     0 | D:1      | graki42 the Deep Elf Conjurer began the quest for the Orb.
     0 | D:1      | Reached XP level 1. HP: 10/10 MP: 6/6
   198 | D:1      | Reached XP level 2. HP: 15/15 MP: 1/8
   202 | D:1      | Learned a level 2 spell: Searing Ray
   776 | D:1      | Reached XP level 3. HP: 19/19 MP: 7/10
  1415 | D:2      | Reached skill level 5 in Conjurations
  1695 | D:2      | Found a sparkling altar of Nemelex Xobeh.
  1750 | D:2      | Reached XP level 4. HP: 24/24 MP: 9/12
  2406 | D:3      | Noticed Sigmund
  2449 | D:2      | Learned a level 3 spell: Dazzling Flash
  2449 | D:2      | Quit the game

Illustrated notes

Levels and vault maps discovered:
D:1:      minmay_arrival_cross, layout_basic, chequers_avenue,
          serial_bayou_lagoon_b
D:2:      kennysheep_big_flooded_room, layout_loops_ring,
          nemelex_xobeh_ov_fountains_minmay
D:3:      layout_basic, uniq_sigmund

Skill      XL: |  1  2  3 |
---------------+----------+-----
Stealth        | 3 |  3.0
Dodging        | 3 |  3.0
Spellcasting   | 4 |  4.5
Conjurations   | 5 |  5.2

Action                   |  1- 3 |  4- 6 || total
-------------------------+-------+-------++-------
 Cast: Magic Dart        |    51 |    23 ||    74
       Searing Ray       |    11 |     3 ||    14
Armor: Robe              |     1 |       ||     1
Dodge: Dodged            |     3 |     1 ||     4

Table legend: (Time is in decaauts)
 A = Elapsed time spent in this place.
 B = Non-inter-level travel time spent in this place.
 C = Inter-level travel time spent in this place.
 D = Time resting spent in this place.
 E = Time spent auto-exploring this place.
 F = Levels seen in this place.
 G = Mean time per level.
                   A        B        C        D        E       F      G
               +--------+--------+--------+--------+--------+-----+--------+
         Total |   2460 |   2414 |     46 |     20 |   2195 |   3 |  820.0 |
       Dungeon |   2460 |   2414 |     46 |     20 |   2195 |   3 |  820.0 |
               +--------+--------+--------+--------+--------+-----+--------+

Top non-repeatable levels by time:
     D:1: 1304 daAuts
     D:2: 1069 daAuts
     D:3: 87 daAuts
